Map: Todesaura LE

Players

Coxta

  • Race: Protoss Protoss
  • League: Master
  • Spawn Location: 11:00

Blutmilan - Winner!

  • Race: Protoss Protoss
  • League: Master
  • Spawn Location: 5:00

VOD

Have the link to the VOD?

Description

Time

  • Played on: Dec. 28, 2020, 11:59 a.m.
  • Length: 20:47
Show
View Real Time Build Order
Export as new Build Order

Coxta Protoss 

Build Orders:  

Get SALT Encoding   

  12  0:00  Probe  
  13  0:12  Probe  
  14  0:19  Pylon  
  14  0:24  Probe  
  15  0:37  Probe (Chrono Boost)  
  15  0:38  Gateway  
  16  0:47  Assimilator, Probe (Chrono Boost)  
  17  0:52  Probe (Chrono Boost)  
  17  0:55  Assimilator  
  18  1:04  Probe  
  19  1:08  Gateway  
  19  1:16  Probe  
  20  1:25  Cybernetics Core  
  20  1:28  Probe  
  20  1:31  Pylon  
  21  1:40  Probe  
  22  1:52  Probe, Gateway  
  23  1:55  Warp Gate (Chrono Boost)  
  23  2:04  Stalker  
  25  2:09  Stalker  
  27  2:29  Probe  
  28  2:36  Pylon  
  28  2:38  Stalker  
  30  2:54  Stalker  
  34  2:58  Probe  
  35  3:13  Pylon  
  35  3:14  Pylon  
  34  3:33  Stalker  
  34  3:34  Stalker  
  34  3:35  Nexus  
  36  3:41  Stalker  
  36  4:06  Probe  
  36  4:09  Robotics Facility  
  35  4:15  Stalker x2  
  39  4:17  Sentry  
  39  4:18  Probe  
  42  4:31  Probe  
  43  4:43  Probe  
  44  4:51  Shield Battery  
  42  4:54  Probe (Chrono Boost), Immortal (Chrono Boost)  
  42  4:55  Probe (Chrono Boost)  
  42  4:59  Sentry  
  50  5:06  Sentry  
  54  5:07  Probe (Chrono Boost), Sentry  
  54  5:11  Probe (Chrono Boost)  
  54  5:13  Pylon  
  56  5:14  Probe (Chrono Boost)  
  57  5:22  Shield Battery  
  57  5:23  Pylon  
  57  5:40  Immortal (Chrono Boost)  
  57  5:41  Probe  
  62  5:49  Probe  
  61  5:53  Probe  
  60  6:02  Stalker x2  
  62  6:06  Pylon  
  62  6:07  Pylon  
  62  6:17  Immortal (Chrono Boost)  
  62  6:26  Stalker x2  
  62  6:29  Probe  
  62  6:30  Probe  
  68  6:34  Assimilator x2  
  68  6:36  Twilight Council  
  68  6:42  Probe x2  
  70  6:49  Observer (Chrono Boost)  
  70  6:52  Pylon  
  70  6:54  Probe x2  
  73  7:06  Probe x2  
  75  7:09  Immortal (Chrono Boost)  
  79  7:18  Probe x2  
  79  7:19  Stalker x2  
  85  7:25  Pylon  
  85  7:30  Probe  
  86  7:42  Blink (Chrono Boost)  
  86  7:43  Probe x2  
  88  7:45  Stalker x2  
  92  7:55  Probe x2  
  94  8:17  Pylon, Forge  
  94  8:20  Nexus  
  94  8:21  Gateway  
  94  8:23  Pylon  
  94  8:31  Gateway  
  94  8:33  Gateway  
  94  8:35  Probe x2, Gateway  
  94  8:38  Stalker x2  
  100  8:51  Protoss Ground Weapons Level 1 (Chrono Boost), Probe  
  101  9:01  Probe  
  101  9:02  Stalker x2  
  106  9:06  Photon Cannon  
  106  9:08  Shield Battery  
  106  9:09  Photon Cannon  
  106  9:13  Probe x2  
  108  9:18  Stalker  
  110  9:29  Pylon  
  110  9:31  Pylon  
  110  9:32  Probe x3  
  113  9:42  Stalker x2  
  113  9:44  Probe x3  
  120  9:52  Robotics Bay  
  120  9:55  Robotics Facility  
  120  9:56  Probe x3  
  120  9:59  Sentry x3  
  129  10:05  Assimilator  
  129  10:06  Assimilator  
  105  10:35  Stalker  
  105  10:36  Stalker x5  
  105  10:38  Protoss Ground Weapons Level 2 (Chrono Boost)  
  105  10:39  Disruptor x2 (Chrono Boost)  
  105  10:42  Probe  
  124  10:51  Pylon, Probe  
  125  11:01  Stalker x4  
  125  11:03  Pylon, Nexus  
  133  11:11  Stalker x2  
  133  11:21  Probe x2  
  133  11:31  Pylon  
  133  11:32  Pylon  
  133  11:34  Pylon  
  133  11:40  Shield Battery  
  133  11:43  Photon Cannon  
  133  11:45  Disruptor (Chrono Boost)  
  133  11:46  Photon Cannon x2  
  133  11:47  Shield Battery  
  133  11:49  Photon Cannon x2  
  133  11:52  Disruptor (Chrono Boost)  
  136  11:57  Charge  
  136  12:00  Dark Shrine  
  139  12:02  Probe x2  
  139  12:06  Stalker  
  139  12:07  Stalker  
  145  12:16  Pylon  
  145  12:18  Disruptor  
  145  12:20  Disruptor  
  151  12:25  Stalker x3  
  155  12:41  Probe x2  
  155  12:43  Probe  
  155  12:44  Assimilator, Probe  
  159  12:45  Assimilator  
  159  12:53  Probe x2  
  159  13:19  Zealot x4  
  163  13:52  Stalker  
  163  13:53  Disruptor x2 (Chrono Boost), Stalker x5  
  153  14:02  Gateway x2  
  159  14:03  Protoss Ground Weapons Level 3 (Chrono Boost)  
  159  14:07  Gateway  
  159  14:12  Gateway  
  159  14:16  Gateway  
  159  14:18  Gateway  
  159  14:21  Stalker x5  
  159  14:22  Stalker  
  171  14:31  Shadow Stride (Chrono Boost)  
  171  14:36  Warp Prism (Chrono Boost)  
  171  14:37  Disruptor (Chrono Boost)  
  171  14:39  Pylon  
  171  14:40  Nexus  
  176  14:46  Stalker x2  
  176  14:47  Stalker x4  
  188  14:58  Zealot x2  
  192  15:01  Zealot  
  194  15:07  Zealot  
  194  15:11  Pylon  
  194  15:13  Pylon  
  154  15:41  Stalker x2, Dark Templar  
  154  15:42  Dark Templar x3  
  142  15:45  Dark Templar  
  125  15:57  Stalker x7  
  125  15:58  Disruptor x2 (Chrono Boost), Stalker x3  
  147  16:13  Dark Templar x2  
  147  16:27  Disruptor x2  
  147  16:28  Stalker  
  147  16:29  Stalker x6  
  147  16:30  Stalker x3  
  173  16:34  Photon Cannon, Probe  
  173  16:35  Probe x4  
  173  16:36  Assimilator, Protoss Shields Level 1 (Chrono Boost)  
  173  16:37  Photon Cannon, Assimilator  
  178  16:40  Photon Cannon  
  178  16:46  Probe  
  179  17:01  Disruptor x2 (Chrono Boost), Dark Templar x4  
  175  17:02  Dark Templar x4  
  197  17:10  Probe  
  190  17:34  Stalker  
  190  17:35  Stalker x8  
  200  17:46  Stargate  
  200  17:47  Stargate  
  200  17:50  Stargate  
  200  18:13  Nexus  
  200  18:14  Pylon  
  195  18:35  Fleet Beacon  
  195  18:37  Dark Templar  
  195  18:38  Dark Templar  
  195  18:40  Observer x2 (Chrono Boost)  
  198  18:43  Dark Templar  
  198  18:46  Photon Cannon  
  184  19:12  Photon Cannon  
  95  19:48  Stalker x7  
  95  19:49  Stalker x5  
  134  20:01  Pylon  
  134  20:12  Photon Cannon  
  134  20:13  Dark Templar x3  
  134  20:16  Photon Cannon  
  134  20:27  Dark Templar x5  
  82  20:36  Dark Templar  
Show
View Real Time Build Order
Export as new Build Order

Blutmilan Protoss - Winner!

Build Orders:  

Get SALT Encoding   

  12  0:00  Probe  
  13  0:12  Probe  
  14  0:17  Pylon  
  14  0:24  Probe (Chrono Boost)  
  16  0:36  Probe (Chrono Boost)  
  16  0:37  Gateway  
  16  0:43  Probe (Chrono Boost)  
  16  0:46  Assimilator  
  17  0:51  Probe  
  17  0:55  Assimilator  
  18  1:03  Probe  
  19  1:09  Gateway  
  19  1:15  Probe (Chrono Boost)  
  20  1:26  Cybernetics Core  
  20  1:27  Probe (Chrono Boost)  
  21  1:33  Probe (Chrono Boost)  
  21  1:36  Pylon  
  22  1:41  Probe  
  23  1:54  Probe  
  24  2:03  Stalker  
  24  2:04  Stalker  
  24  2:05  Warp Gate  
  28  2:14  Pylon  
  28  2:18  Probe  
  29  2:39  Probe  
  29  2:40  Sentry x2  
  34  2:49  Shield Battery  
  34  3:04  Shield Battery  
  34  3:14  Robotics Facility  
  34  3:18  Stalker  
  34  3:19  Stalker  
  38  3:28  Probe  
  38  3:38  Gateway  
  38  3:42  Shield Battery  
  38  3:47  Pylon  
  38  3:53  Pylon  
  36  4:08  Immortal (Chrono Boost)  
  36  4:13  Stalker x2  
  44  4:21  Pylon  
  42  4:36  Stalker x3  
  47  4:52  Pylon  
  47  5:07  Warp Prism (Chrono Boost)  
  49  5:23  Stalker x3  
  55  5:42  Nexus  
  49  6:03  Stalker x3  
  51  6:21  Pylon  
  51  6:22  Probe  
  52  6:36  Immortal (Chrono Boost)  
  56  6:46  Forge  
  56  6:48  Twilight Council  
  56  6:52  Shield Battery  
  56  6:54  Probe x2  
  58  7:15  Probe (Chrono Boost)  
  60  7:20  Protoss Ground Weapons Level 1, Probe (Chrono Boost)  
  60  7:28  Probe (Chrono Boost)  
  61  7:33  Probe  
  61  7:36  Assimilator  
  62  7:39  Probe  
  62  7:43  Pylon  
  63  7:46  Stalker x3  
  63  7:48  Probe  
  63  7:51  Probe  
  71  8:01  Probe  
  71  8:03  Probe  
  71  8:13  Probe  
  71  8:14  Charge (Chrono Boost)  
  71  8:15  Probe  
  71  8:18  Templar Archives  
  73  8:22  Gateway x2  
  73  8:32  Immortal  
  77  8:40  Probe x2  
  79  8:55  Probe  
  79  8:57  High Templar x2  
  79  8:58  High Templar  
  86  9:03  Pylon  
  86  9:05  Pylon  
  86  9:16  Archon  
  86  9:21  Pylon  
  86  9:22  High Templar, Zealot  
  90  9:27  Gateway  
  90  9:28  Archon  
  90  9:32  Zealot x3, Gateway  
  96  9:47  Zealot, Nexus  
  98  9:57  Zealot x3  
  98  9:58  Zealot  
  82  10:23  Zealot x6  
  84  10:32  Zealot  
  74  10:38  Pylon  
  74  10:50  Robotics Bay  
  74  10:53  Robotics Facility, High Templar x2  
  74  10:54  High Templar x2  
  80  11:13  Shield Battery, Probe x2 (Chrono Boost)  
  80  11:14  Probe (Chrono Boost)  
  80  11:15  Archon  
  80  11:16  Archon  
  81  11:20  Zealot x3  
  81  11:25  Probe (Chrono Boost)  
  88  11:27  Pylon  
  88  11:29  Assimilator x2  
  88  11:30  Probe (Chrono Boost), Zealot x2  
  88  11:31  Probe (Chrono Boost)  
  88  11:32  Assimilator  
  88  11:38  Photon Cannon  
  88  11:39  Probe x2 (Chrono Boost)  
  90  11:41  Disruptor  
  90  11:43  Probe (Chrono Boost)  
  97  11:54  Probe (Chrono Boost)  
  97  11:55  Probe x2 (Chrono Boost)  
  97  11:56  Disruptor  
  97  12:00  Protoss Ground Weapons Level 2 (Chrono Boost), Zealot x2  
  104  12:02  Zealot  
  104  12:05  Probe (Chrono Boost)  
  109  12:11  Probe (Chrono Boost)  
  109  12:12  Probe (Chrono Boost)  
  109  12:14  Probe (Chrono Boost)  
  109  12:15  High Templar  
  112  12:17  High Templar  
  112  12:18  Probe (Chrono Boost)  
  115  12:24  Photon Cannon  
  115  12:26  Archon  
  115  12:28  Pylon  
  115  12:34  Nexus  
  115  12:49  Zealot x4  
  115  12:51  Shield Battery  
  121  13:03  Stalker x2  
  121  13:04  Stalker  
  127  13:10  Disruptor x2 (Chrono Boost)  
  121  13:20  Zealot x3  
  121  13:21  Zealot  
  112  13:37  Disruptor (Chrono Boost)  
  112  13:40  Zealot x4  
  112  13:41  Zealot  
  108  13:51  Stalker  
  108  13:52  Disruptor (Chrono Boost), Stalker  
  115  14:02  Zealot x5  
  119  14:04  Probe x2  
  119  14:05  Disruptor (Chrono Boost)  
  130  14:17  Disruptor (Chrono Boost), Nexus  
  130  14:18  Zealot  
  135  14:27  High Templar x3  
  141  14:33  Pylon  
  141  14:34  Pylon  
  141  14:35  Pylon, Archon  
  141  14:39  Dark Shrine  
  141  14:42  Photon Cannon  
  141  14:49  Pylon  
  141  14:52  Pylon  
  141  14:57  High Templar  
  141  15:02  Zealot x4  
  141  15:03  Zealot x2  
  153  15:11  Archon  
  118  15:38  Zealot x7  
  101  15:51  Disruptor x2  
  107  16:00  High Templar x2  
  107  16:02  Zealot x5  
  121  16:07  Archon  
  121  16:10  Shield Battery  
  121  16:11  Photon Cannon  
  121  16:14  Photon Cannon, Protoss Ground Weapons Level 3  
  121  16:23  Disruptor x2 (Chrono Boost), Zealot  
  123  16:26  Zealot  
  123  16:27  Zealot x2  
  135  16:34  Stalker  
  135  16:44  Assimilator  
  135  16:46  Assimilator, Probe x4  
  139  16:49  Stalker  
  139  16:52  Disruptor  
  144  17:09  High Templar x2  
  144  17:10  Zealot x4  
  156  17:24  Observer  
  156  17:27  Nexus  
  155  17:35  Probe x4  
  159  17:46  Pylon, Dark Templar x3  
  159  17:47  Probe, Zealot x4  
  174  17:53  Archon  
  174  18:00  Disruptor  
  174  18:01  Disruptor  
  158  18:21  Stalker x6  
  158  18:24  Blink  
  168  18:33  Dark Templar  
  158  18:48  Probe x2  
  158  18:49  Probe x3  
  158  18:52  High Templar x2  
  158  18:53  Zealot x4  
  172  19:00  Observer, Probe  
  172  19:01  Gravitic Boosters  
  174  19:10  Pylon  
  174  19:14  Pylon  
  170  19:21  Archon  
  167  19:32  Observer  
  167  19:38  Zealot x7  
  165  19:56  Probe  
  165  19:57  Probe  
  165  19:58  Assimilator  
  167  20:01  Assimilator  
  167  20:03  Zealot x6  
  167  20:04  Zealot  
  167  20:05  Photon Cannon  
  181  20:07  Shield Battery  
  181  20:09  Gateway  
  181  20:11  Photon Cannon  
  130  20:37  Stalker x5  
  130  20:38  Stalker x2  
Tags
 
Matchup
PvP
Spawn Locations
Cross Positions
Add a new tag
Caveats
  • Supply blocks, unpowered buildings, or Contaminate may cause inaccurate times.
  • Supply counts are checked every 10 seconds.